 Dungeon Crawl Stone Soup version 0.29.1-1-gd02db6906a (webtiles) character file.

Game seed: 1206221630625782337

44 fireball365 the Digger (level 3, -3/26 HPs)
             Began as a Demigod Earth Elementalist on Oct 5, 2022.
             Slain by a hobgoblin
             ... wielding a +0 spear
              (5 damage)
             ... on level 3 of the Dungeon on Oct 6, 2022.
             The game lasted 00:12:58 (2267 turns).

fireball365 the Digger (Demigod Earth Elementalist) Turns: 2267, Time: 00:12:59

Health: -3/26      AC:  5    Str:  9    XL:     3   Next: 23%
Magic:  9/9        EV: 10    Int: 17    God:
Gold:   69         SH:  0    Dex: 18    Spells: 6/7 levels left

rFire   . . .      SeeInvis .   f - +0 hand axe
rCold   + . .      Faith    .   (no shield)
rNeg    . . .      Spirit   .   h - +0 ring mail
rPois   .          Reflect  .   (no helmet)
rElec   .          Harm     .   (no cloak)
rCorr   .          Rampage  .   (no gloves)
Will    .....                   (no boots)
Stlth   ++........              (no amulet)
HPRegen 0.08/turn               q - ring of ice
MPRegen 0.11/turn               o - ring of protection from fire

@: brilliant, attractive, invisible
A: high MP 1, forlorn, divine attributes
a: no special abilities


You were on level 3 of the Dungeon.
You visited 1 branch of the dungeon, and saw 3 of its levels.

You collected 69 gold pieces.

Inventory:

Hand Weapons
 f - a +0 hand axe (weapon)
 l - a +0 spear
 z - a +0 spear
 A - a +0 arbalest
Missiles
 e - 24 stones
Armour
 a - a +0 robe
 h - a +0 ring mail (worn)
 p - a +0 leather armour
 t - a +0 ring mail
 u - a +0 cloak of poison resistance
 v - a +0 helmet
Jewellery
 d - a ring of poison resistance
 o - a ring of protection from fire (right hand)
 q - a ring of ice (left hand)
 w - a ring of poison resistance
Scrolls
 c - 4 scrolls of identify {unknown}
 i - 2 scrolls of amnesia {unknown}
 k - 3 scrolls of poison {unknown}
 m - a scroll of fear {unknown}
 r - 2 scrolls of magic mapping {unknown}
 y - a scroll of summoning {unknown}
Potions
 b - a potion of magic
 j - a potion of invisibility
 n - a potion of heal wounds {unknown}
 x - a potion of curing {unknown}


   Skills:
 + Level 1.8 Dodging
 + Level 2.0 Stealth
 + Level 2.6 Spellcasting
 + Level 1.1 Transmutations
 + Level 3.1 Earth Magic


You had 6 spell levels left.
You knew the following spells:

 Your Spells              Type           Power      Damage    Failure   Level
a - Sandblast             Erth           38%        2d10      14%         1

Your spell library contained the following spells:

 Spells                   Type           Power      Damage    Failure   Level
 Passwall                 Tmut/Erth      11%        N/A       32%         2
 Stone Arrow              Conj/Erth      22%        3d8       63%         3
 Petrify                  Tmut/Erth      14%        N/A       91%         4


Dungeon Overview and Level Annotations

Branches:
Dungeon (3/15)


Innate Abilities, Weirdness & Mutations

You have an increased reservoir of magic. (+10% MP)
You shall have no god before yourself.
Your divine heritage dramatically boosts your attributes as you level up.


Message History

The hobgoblin is severely wounded.
The hobgoblin hits you with a +0 spear!
* * * LOW HITPOINT WARNING * * *
The hobgoblin barely misses you.
You hit the hobgoblin but do no damage.
The hobgoblin is severely wounded.
The hobgoblin hits you but does no damage.
You hit the hobgoblin but do no damage.
The hobgoblin is severely wounded.
The hobgoblin completely misses you.
The hobgoblin hits you from afar with a +0 spear.
* * * LOW HITPOINT WARNING * * *
It was a potion of invisibility.
You fade into invisibility!
The hobgoblin closely misses you.
The hobgoblin throws an atropa-tipped dart.
The atropa-tipped dart closely misses you.
You see here 5 gold pieces.
The hobgoblin throws an atropa-tipped dart.
The atropa-tipped dart barely misses you.
It was a potion of attraction.
You feel attractive to monsters.
The hobgoblin throws an atropa-tipped dart.
The atropa-tipped dart closely misses you.
The hobgoblin is attracted toward you.
It was a potion of brilliance.
You feel clever all of a sudden. The hobgoblin is attracted toward you.
You barely miss the hobgoblin.
The hobgoblin is severely wounded.
The hobgoblin hits you with a +0 spear.
* * * LOW HITPOINT WARNING * * *
The hobgoblin barely misses you.
You closely miss the hobgoblin.
The hobgoblin is severely wounded.
The hobgoblin barely misses you.
You barely miss the hobgoblin.
The hobgoblin is severely wounded.
The hobgoblin hits you with a +0 spear.
You die...

#.....^......#
#............#
#............#
#............#
#............#
#...........#
#...?....!..# #
+.@g...)....# #
#...........# #
+...........# #
#.#.#...........#
#
#.#.#...........#
#
#.#.#...........#
#
#.#.#...........#
#
#.#.#...........#
#
#.#.#...........#


You could see a hobgoblin (unable to see you).

Vanquished Creatures
  A gnoll (D:1)
  A worm (D:2)
  A dart slug (D:2)
  7 ball pythons
  4 endoplasms
  4 giant cockroaches
  2 hobgoblins (D:1)
  2 quokkas
  2 bats
  A kobold (D:3)
  4 rats
29 creatures vanquished.

Notes
Turn   | Place    | Note
-------+----------+-------------------------------------------
     0 | D:1      | fireball365 the Demigod Earth Elementalist began the quest
                  | for the Orb.
     0 | D:1      | Reached XP level 1. HP: 14/14 MP: 5/5
   307 | D:1      | Reached skill level 1 in Transmutations
   404 | D:1      | Reached XP level 2. HP: 19/20 MP: 0/7
  1396 | D:2      | Reached XP level 3. HP: 10/26 MP: 6/9
  1679 | D:2      | Reached skill level 3 in Earth Magic
  2265 | D:3      | HP: 1/26 [hobgoblin/+0 spear (1)]
  2267 | D:3      | Slain by a hobgoblin

Illustrated notes

Levels and vault maps discovered:
D:1:      dpeg_arrival_three_bigger_balls, layout_loops_ring, solitary_fountain,
          minivault_23, minmay_misc_feat_nine_boxes, minmay_misc_feat_alley
D:2:      layout_loops_ring, shapermc_ecumenical_altar_notcrosses, minivault_27,
          kennysheep_generic_room_14
D:3:      kennysheep_goblin_castle, layout_basic

Skill      XL: |  1  2  3 |
---------------+----------+-----
Spellcasting   | 2 |  2.6
Transmutations | 1 |  1.1
Stealth        | 2 |  2.0
Earth Magic    | 3 |  3.1
Dodging        | |  1.8

Action                   || total
-------------------------++-------
Melee: Hand axe          ||    15
 Cast: Sandblast         ||    45
  Use: Potion            ||     3
 Stab: Sleeping          ||     1
Armor: Ring mail         ||    20
Dodge: Dodged            ||    34
